AoeStats
← Shiboridashi

Arabia

510756488Analyzed
1v1 RM · 8h ago on Oct 2, 2026· 45m 19s· 2 players
Game mode
Random Map
Map size
Tiny (2 player)
Population
200
Speed
Normal
Resources
Standard
Victory
Conquest
Starting age
Dark Age
Ending age
Imperial Age
RankedLock teamsTeams togetherTeam positionsShared explorationLock speedFull tech treeHidden civsTurbo modeCheats
Victory
Defeat
🇫🇷 Teutons · France
1030
+15
🇦🇺 Varangians · Australia
1001
-15
Raven
4:45 Loom
10:22 Feudal Age
12:31 Bloodlines
12:47 Double-Bit Axe
12:43 Horse Collar
19:08 Stone Mining
20:47 Gold Mining
23:56 Castle Age
21:55 Gold Mining
23:47 Bloodlines
23:48 Scale Barding Armor
23:54 Forging
25:41 Husbandry
32:07 Chain Barding Armor
32:23 Iron Casting
36:26 Wheelbarrow
36:25 Fletching
39:52 Vendel Legacy
45:34 Imperial Age
44:18 Town Watch
Shiboridashi
6:25 Loom
9:48 Feudal Age
10:51 Double-Bit Axe
21:15 Castle Age
19:49 Forging
19:27 Horse Collar
20:42 Bloodlines
22:58 Scale Barding Armor
24:57 Iron Casting
24:16 Town Watch
27:51 Squires
27:38 Arson
29:45 Wheelbarrow
29:35 Heavy Plow
30:09 Fletching
34:46 Imperial Age
32:39 Gold Mining
32:39 Stone Mining
33:40 Bow Saw
34:06 Pikeman
35:49 Hand Cart
36:44 Two-Man Saw
37:33 Blast Furnace
37:32 Cavalier
42:16 Conscription
42:45 Crop Rotation
43:00 Scale Mail Armor
43:20 Chain Barding Armor
42:57 Bodkin Arrow
43:25 Ballistics
42:51 Arrowslits
44:21 Stone Shaft Mining
43:34 Halberdier
Connection lost

Rejoining the realm…

Still unreachable

The connection could not be restored.

Session expired

The server has moved on; the page needs a fresh start.